 Dungeon Crawl Stone Soup version 0.26-a0-665-gefeb406119 (webtiles) character file.

Game seed: 2563880009807045909

1796 Gargoyl the Skirmisher (level 9, 0/73 HPs)
             Began as a Gnoll Abyssal Knight on Oct 14, 2020.
             Was an Elder of Lugonu.
             Slain by a killer bee (4 damage)
             ... on level 7 of the Dungeon.
             The game lasted 00:08:30 (6928 turns).

Gargoyl the Skirmisher (Gnoll Abyssal Knight)       Turns: 6928, Time: 00:08:30

Health: 0/73       AC: 11    Str: 17    XL:     9   Next: 9%
Magic:  13/14      EV: 12    Int: 21    God:    Lugonu [****..]
Gold:   401        SH:  0    Dex: 15    Spells: 15/15 levels left

rFire    + + .     SeeInvis .   o - +4 quarterstaff (chaos)
rCold    . . .     Faith    .   (shield currently unavailable)
rNeg     . . .     Spirit   .   q - +2 scale mail {rF+}
rPois    +         Reflect  .   (no helmet)
rElec    .         Harm     .   n - +1 cloak
rCorr    .         Rampage  .   (no gloves)
MR       .....                  (no boots)
Stlth    +.........             (no amulet)
HPRegen  0.22/turn              v - ring "Xyxzith" {rPois rF+ Int+4}
MPRegen  0.14/turn              A - +4 ring of slaying

@: about to teleport
A: distributed training, fangs 1, clever 1, strong nose
a: Depart the Abyss, Bend Space, Banish, Corrupt, Renounce Religion


You were on level 7 of the Dungeon.
You worshipped Lugonu.
Lugonu was greatly pleased with you.
You visited 1 branch of the dungeon, and saw 7 of its levels.
You visited the Abyss 1 time.

You collected 401 gold pieces.

Inventory:

Hand Weapons
 a - a +1 hand axe
 h - a +1 war axe
 o - a +4 quarterstaff of chaos (weapon)
Missiles
 y - 7 poisoned darts (quivered)
Armour
 e - a +3 scale mail of cold resistance
 n - a +1 cloak (worn)
 q - a +2 scale mail of fire resistance (worn)
Jewellery
 v - the ring "Xyxzith" (left hand) {rPois rF+ Int+4}
   (You found it on level 4 of the Dungeon)

   [ring of poison resistance]

   It affects your intelligence (+4).
   It protects you from fire.
   It protects you from poison.
 A - a +4 ring of slaying (right hand)
Wands
 g - a wand of acid (8)
 m - a wand of random effects (20)
 B - a wand of polymorph (10)
Scrolls
 b - 6 scrolls of remove curse
 c - 2 scrolls of fog
 j - 3 scrolls of teleportation
 k - 3 scrolls of identify
 s - a scroll of fear {unknown}
Potions
 d - a potion of berserk rage {unknown}
 f - 2 potions of resistance
 i - a potion of magic {unknown}
 l - 4 potions of haste {unknown}
 r - a potion of invisibility {unknown}
 t - 2 potions of mutation
 u - a potion of might {unknown}
 x - a potion of degeneration {unknown}
 z - 4 potions of ambrosia {unknown}


   Skills:
 + Level 7.7 Fighting
 + Level 3.9 Short Blades
 + Level 3.9 Long Blades
 + Level 6.1 Axes
 + Level 3.9 Maces & Flails
 + Level 3.9 Polearms
 + Level 3.9 Staves
 + Level 3.9 Slings
 + Level 3.9 Bows
 + Level 3.9 Crossbows
 + Level 3.9 Throwing
 + Level 6.1 Armour
 + Level 4.7 Dodging
 + Level 3.9 Stealth
 + Level 3.9 Shields
 + Level 3.9 Unarmed Combat
 + Level 3.9 Spellcasting
 + Level 3.2 Conjurations
 + Level 3.2 Hexes
 + Level 3.2 Summonings
 + Level 3.2 Necromancy
 + Level 3.2 Translocations
 + Level 3.2 Transmutations
 + Level 3.2 Fire Magic
 + Level 3.2 Ice Magic
 + Level 3.2 Air Magic
 + Level 3.2 Earth Magic
 + Level 3.2 Poison Magic
 + Level 6.3 Invocations
 + Level 3.9 Evocations


You had 15 spell levels left.
You didn't know any spells.
Your spell library contained the following spells:

 Spells                   Type           Power        Failure   Level
 Foxfire                  Conj/Fire      ###.         10%         1
 Conjure Flame            Conj/Fire      ###.....     28%         3
 Inner Flame              Hex/Fire       ###.....     28%         3
 Sticky Flame             Conj/Fire      ###.....     67%         4
 Fireball                 Conj/Fire      ###.......   95%         5


Dungeon Overview and Level Annotations

Branches:
Dungeon (7/15)             Temple (0/1) D:6

Altars:
Ashenzari
Cheibriados
Dithmenos
Hepliaklqana
Qazlal
Ru
Sif Muna
Trog
Wu Jian
Xom
Yredelemnul
The Shining One


Innate Abilities, Weirdness & Mutations

Your experience applies equally to all skills.
You have very sharp teeth.
Your uncanny sense of smell can sniff out nearby items.
Your mind is acute. (Int +2)


Message History

The killer bee stings you! The killer bee barely misses you.
You hit the killer bee.
The killer bee goes berserk!
The killer bee is moderately wounded.
The killer bee stings you!
* * * LOW HITPOINT WARNING * * *
You are poisoned.
The killer bee poisons you!
The killer bee stings you but does no damage.
As you read the scroll of teleportation, it crumbles to dust.
You feel strangely unstable.
You feel sick. The killer bee barely misses you. The killer bee stings you!
* * * LOW HITPOINT WARNING * * *
The killer bee closely misses you.
You feel better. The killer bee misses you. The killer bee stings you!
* * * LOW HITPOINT WARNING * * *
The killer bee closely misses you. Space bends sharply around you!
You blink.
The killer bee stings you.
* * * LOW HITPOINT WARNING * * *
The killer bee stings you.
You die...

#.†.......#####'##
#.........# #....
#.........# #....
#.........# #....
#.........# #....
###########'##
#.... #......# #.#
#.... #......# #.#
#.... #...@y.# #.#
#....
#...oyy####.#
#....
#....o.)y§..#
##'##
#....y.###### #.#
#.......yy.# #.#
#..........# #.#
####'#........ #.#
#.#........ #.##
#.#####..o. #.#.


You could see 5 killer bees, an orc wizard and an orc.

Vanquished Creatures
  Sigmund (D:2)
  Menkaure (D:4)
  Edmund (D:4)
  An orc warrior (D:7)
  An ice beast (D:7)
  A black bear (D:7)
  A centaur (D:7)
  A bullfrog (D:7)
  A scorpion (D:7)
  A howler monkey (D:6)
  A quasit (D:7)
  3 hounds
  2 jellies (D:7)
  Crazy Yiuf (D:3)
  A gnoll shaman (D:7)
  An orc priest (D:7)
  6 orc wizards
  Ijyb (D:5)
  An iguana (D:4)
  3 worker ants
  2 hound skeletons
  9 gnolls
  7 adders
  A river rat (D:4)
  2 shadow imps (D:7)
  2 ufetubi (D:6)
  2 oozes
  An adder zombie (D:6)
  An adder skeleton (D:5)
  2 worms
  2 dart slugs (D:1)
  4 leopard geckos
  22 orcs
  7 giant cockroaches
  5 goblins
  5 hobgoblins
  3 jackals (D:2)
  2 quokkas
  2 ball pythons
  6 bats
  4 frilled lizards
  A jackal zombie (D:6)
  8 kobolds
  A quokka zombie (D:6)
  9 rats
140 creatures vanquished.

Notes
Turn   | Place    | Note
-------+----------+-------------------------------------------
     0 | Abyss:1  | Gargoyl the Gnoll Abyssal Knight began the quest for the
                  | Orb.
     0 | Abyss:1  | Reached XP level 1. HP: 23/23 MP: 3/3
    21 | Abyss:2  | Noticed a fire elemental
   170 | Abyss:3  | Gained mutation: Armour fits poorly on your strangely
                  | shaped body. [potion of mutation]
   170 | Abyss:3  | Lost mutation: Armour fits poorly on your strangely shaped
                  | body. [potion of mutation]
   170 | Abyss:3  | Gained mutation: Your mind is acute. (Int +2) [potion of
                  | mutation]
   185 | Abyss:3  | Noticed a quasit
   189 | Abyss:3  | Noticed an ancient zyme
   205 | Abyss:3  | Noticed a sixfirhy
   211 | Abyss:3  | Noticed a shadow demon
   212 | Abyss:3  | Noticed a small abomination
   215 | Abyss:3  | Noticed a small abomination
   224 | Abyss:3  | Found a corrupted altar of Lugonu.
   403 | Abyss:3  | Noticed an earth elemental
   404 | Abyss:3  | Found a sacrificial altar of Ru.
   404 | Abyss:3  | Noticed a thrashing horror
   404 | Abyss:3  | Noticed a thrashing horror
   404 | Abyss:3  | Noticed a spatial vortex
   406 | D:1      | Escaped the Abyss
   702 | D:1      | Reached XP level 2. HP: 29/29 MP: 5/5
   707 | D:1      | Reached * piety under Lugonu
  1218 | D:2      | Reached XP level 3. HP: 35/35 MP: 6/6
  1221 | D:2      | Noticed Sigmund
  1242 | D:2      | Killed Sigmund
  1242 | D:2      | Reached skill level 1 in Short Blades
  1242 | D:2      | Reached skill level 1 in Long Blades
  1242 | D:2      | Reached skill level 1 in Maces & Flails
  1242 | D:2      | Reached skill level 1 in Polearms
  1242 | D:2      | Reached skill level 1 in Staves
  1242 | D:2      | Reached skill level 1 in Slings
  1242 | D:2      | Reached skill level 1 in Bows
  1242 | D:2      | Reached skill level 1 in Crossbows
  1242 | D:2      | Reached skill level 1 in Throwing
  1242 | D:2      | Reached skill level 1 in Stealth
  1242 | D:2      | Reached skill level 1 in Shields
  1242 | D:2      | Reached skill level 1 in Unarmed Combat
  1242 | D:2      | Reached skill level 1 in Spellcasting
  1242 | D:2      | Reached skill level 1 in Conjurations
  1242 | D:2      | Reached skill level 1 in Hexes
  1242 | D:2      | Reached skill level 1 in Summonings
  1242 | D:2      | Reached skill level 1 in Necromancy
  1242 | D:2      | Reached skill level 1 in Translocations
  1242 | D:2      | Reached skill level 1 in Transmutations
  1242 | D:2      | Reached skill level 1 in Fire Magic
  1242 | D:2      | Reached skill level 1 in Ice Magic
  1242 | D:2      | Reached skill level 1 in Air Magic
  1242 | D:2      | Reached skill level 1 in Earth Magic
  1242 | D:2      | Reached skill level 1 in Poison Magic
  1242 | D:2      | Reached skill level 1 in Evocations
  1242 | D:2      | Reached XP level 4. HP: 20/41 MP: 7/7
  1242 | D:2      | Reached XP level 5. HP: 23/47 MP: 8/8
  1797 | D:1      | Reached skill level 5 in Invocations
  1800 | D:1      | Reached XP level 6. HP: 36/53 MP: 9/9
  2023 | D:2      | Found a sacrificial altar of Ru.
  2185 | D:2      | Reached ** piety under Lugonu
  2324 | D:3      | Found a broken altar of Ashenzari.
  2395 | D:3      | Reached skill level 5 in Axes
  2395 | D:3      | Reached skill level 5 in Armour
  3183 | D:3      | Found a runed translucent door.
  3184 | D:3      | Noticed Crazy Yiuf
  3472 | D:3      | Killed Crazy Yiuf
  3689 | D:4      | Noticed Edmund
  3701 | D:4      | Killed Edmund
  3701 | D:4      | Reached skill level 7 in Fighting
  3701 | D:4      | Reached XP level 7. HP: 60/60 MP: 10/10
  3824 | D:4      | Found a stormy altar of Qazlal.
  3925 | D:4      | Noticed Menkaure
  3934 | D:4      | Killed Menkaure
  3934 | D:4      | Reached *** piety under Lugonu
  4295 | D:4      | Got a warped jade ring
  4533 | D:5      | Entered Level 5 of the Dungeon
  4581 | D:5      | Got a smelly leather armour
  4615 | D:5      | Noticed Ijyb
  4616 | D:5      | Found a snail-covered altar of Cheibriados.
  4627 | D:5      | Killed Ijyb
  4627 | D:5      | Reached XP level 8. HP: 67/67 MP: 12/12
  4997 | D:5      | Found a glowing golden altar of the Shining One.
  4998 | D:5      | Found a shimmering blue altar of Sif Muna.
  5002 | D:5      | Found a shadowy altar of Dithmenos.
  5002 | D:5      | Found a basalt altar of Yredelemnul.
  5139 | D:5      | Found a faded altar of an unknown god.
  5139 | D:5      | Found a faded altar of an unknown god.
  5145 | D:5      | Found a hazy altar of Hepliaklqana.
  5147 | D:5      | Found a bloodstained altar of Trog.
  5149 | D:5      | Found a shimmering altar of Xom.
  5199 | D:6      | Identified the +2 leather armour of the Everdark {Harm
                  | rElec Str+4} (You found it on level 5 of the Dungeon)
  5201 | D:6      | Identified the ring "Xyxzith" {rPois rF+ Int+4} (You found
                  | it on level 4 of the Dungeon)
  5243 | D:6      | Found a staircase to the Ecumenical Temple.
  5835 | D:7      | Reached **** piety under Lugonu
  6727 | D:7      | Found an ornate altar of the Wu Jian Council.
  6841 | D:7      | Reached XP level 9. HP: 60/72 MP: 14/14
  6928 | D:7      | Slain by a killer bee

Illustrated notes

Levels and vault maps discovered:
D:1:      heliophobic_arrival_enchanted_forest, layout_basic,
          hangedman_decor_growths
D:2:      layout_rooms, overflow_temple_1_default, serial_glass,
          glass_columns_b, glass_columns_b, glass_columns_a, glass_columns_b,
          glass_columns_b, glass_columns_b, glass_columns_c, glass_columns_a,
          uniq_sigmund
D:3:      layout_loops_corners, nicolae_ashenzari_panopticon,
          uniq_crazy_yiuf_cottage
D:4:      layout_loops_ring, lemuel_doored_altar, gup_sewer_entry_bowl,
          uniq_menkaure, uniq_edmund
D:5:      layout_rooms, chequers_temple_overflow_statue_of_worship,
          chequers_temple_overflow_minitemple, cheibriados_altar_1, uniq_ijyb
D:6:      layout_basic, temple_pool_b
D:7:      layout_basic, marbit_many_paths

Skill      XL: |  1  2  3  4  5  6  7  8 |
---------------+-------------------------+-----
Short Blades   | 1 2 3 |  3.9
Long Blades    | 1 2 3 |  3.9
Maces & Flails | 1 2 3 |  3.9
Polearms       | 1 2 3 |  3.9
Staves         | 1 2 3 |  3.9
Slings         | 1 2 3 |  3.9
Bows           | 1 2 3 |  3.9
Crossbows      | 1 2 3 |  3.9
Throwing       | 1 2 3 |  3.9
Dodging        | 3 4 |  4.7
Stealth        | 1 2 3 |  3.9
Shields        | 1 2 3 |  3.9
Unarmed Combat | 1 2 3 |  3.9
Spellcasting   | 1 2 3 |  3.9
Conjurations   | 1 2 3 |  3.2
Hexes          | 1 2 3 |  3.2
Summonings     | 1 2 3 |  3.2
Necromancy     | 1 2 3 |  3.2
Translocations | 1 2 3 |  3.2
Transmutations | 1 2 3 |  3.2
Fire Magic     | 1 2 3 |  3.2
Ice Magic      | 1 2 3 |  3.2
Air Magic      | 1 2 3 |  3.2
Earth Magic    | 1 2 3 |  3.2
Poison Magic   | 1 2 3 |  3.2
Evocations     | 1 2 3 |  3.9
Invocations    | 5 6 |  6.3
Axes           | 5 6 |  6.1
Armour         | 5 6 |  6.1
Fighting       | 7 |  7.7

Action                   |  1- 3 |  4- 6 |  7- 9 || total
-------------------------+-------+-------+-------++-------
Melee: Hand axe          |    72 |   187 |       ||   259
       Bite              |     6 |    20 |    20 ||    46
       Quarterstaff      |       |     8 |   177 ||   185
       Punch             |       |     1 |       ||     1
Invok: Depart the Abyss  |     1 |       |       ||     1
       Bend Space        |       |       |     1 ||     1
Evoke: Wand              |       |       |     1 ||     1
  Use: Scroll            |     5 |     1 |     7 ||    13
       Potion            |     4 |     1 |     1 ||     6
 Stab: Petrified         |       |       |     4 ||     4
       Petrifying        |       |       |     2 ||     2
       Paralysed         |       |       |     2 ||     2
Armor: Scale mail        |    73 |   110 |    61 ||   244
Dodge: Dodged            |    72 |   116 |   124 ||   312

Table legend: (Time is in decaauts)
 A = Elapsed time spent in this place.
 B = Non-inter-level travel time spent in this place.
 C = Inter-level travel time spent in this place.
 D = Time resting spent in this place.
 E = Time spent auto-exploring this place.
 F = Levels seen in this place.
 G = Mean time per level.
                   A        B        C        D        E       F      G
               +--------+--------+--------+--------+--------+-----+--------+
         Total |   6981 |   6579 |    402 |    520 |   4729 |  10 |  698.1 |
       Dungeon |   6576 |   6174 |    402 |    520 |   4425 |   7 |  939.4 |
         Abyss |    405 |    405 |      0 |      0 |    304 |   3 |  135.0 |
               +--------+--------+--------+--------+--------+-----+--------+

Top non-repeatable levels by time:
     D:3: 1502 daAuts
     D:7: 1234 daAuts
     D:1: 1209 daAuts
     D:4: 912 daAuts
     D:2: 710 daAuts
     D:6: 511 daAuts
     D:5: 495 daAuts
 Abyss:3: 294 daAuts
 Abyss:2: 104 daAuts
 Abyss:1: 6 daAuts
